 Dungeon Crawl Stone Soup version 0.20.0-9-g8272e65 (webtiles) character file.

4806 Kriby the Severer (level 10, 0/94 HPs)
             Began as a Hill Orc Fighter on June 3, 2017.
             Was a Believer of Beogh.
             Slain by Erica
             ... wielding a +4 scimitar of flaming
              (2 damage)
             ... on level 9 of the Dungeon.
             The game lasted 00:12:58 (10573 turns).

Kriby the Severer (Hill Orc Fighter)               Turns: 10573, Time: 00:12:59

Health: 0/94       AC: 14    Str: 25    XL:     10   Next: 48%
Magic:  7/9        EV:  4    Int: 10    God:    Beogh [**....]
Gold:   452        SH:  0    Dex: 10    Spells: 9/9 levels left

rFire    . . .     SeeInvis .   a - +0 war axe
rCold    . . .     Gourm    .   c - +0 shield
rNeg     . . .     Faith    .   y - +0 plate armour
rPois    .         Spirit   .   (helmet restricted)
rElec    .         Reflect  .   (no cloak)
rCorr    .         Harm     .   v - +0 pair of gloves
MR       .....                  D - +1 pair of boots
Stlth    ..........             (no amulet)
Regen    0.3/turn               B - ring of flight
MPRegen  0.2/turn               (no ring)

@: confused, lethally poisoned (0 -> -7)
A: horns 1, clever 1, low mp 1, strong 1
a: Smiting, Renounce Religion, Evoke Flight


You were on level 9 of the Dungeon.
You worshipped Beogh.
Beogh was pleased with you.
You were not hungry.

You visited 1 branch of the dungeon, and saw 9 of its levels.

You collected 452 gold pieces.

Inventory:

Hand Weapons
 a - a +0 war axe (weapon)
Armour
 c - a +0 shield (worn)
 v - a +0 pair of gloves (worn)
 y - a +0 plate armour (worn)
 D - a +1 pair of boots (worn)
Jewellery
 B - a ring of flight (left hand)
Wands
 d - a wand of confusion (27/48)
 u - a wand of flame (27/48)
 w - a wand of polymorph (1/24)
 A - a wand of lightning (0/15)
 I - a wand of digging (18/24)
Scrolls
 e - a scroll of identify
 m - 2 scrolls of recharging
 o - 3 scrolls of fear
 p - 2 scrolls of teleportation
 q - a scroll of blinking
 x - a scroll of immolation
Potions
 b - 2 potions of mutation
 k - a potion of degeneration
 t - a potion of flight
 C - a potion of magic
Comestibles
 f - 5 bread rations
 g - 6 meat rations
 r - 3 royal jellies


   Skills:
 + Level 10.8 Fighting
 * Level 15.4 Axes
 - Level 3.2 Armour
 - Level 3.2 Shields


You had 9 spell levels left.
You didn't know any spells.

Dungeon Overview and Level Annotations

Branches:
Dungeon (9/15)             Temple (0/1) D:5
   Lair: D:8-11         Orc: D:9-12

Altars:
Ashenzari
Dithmenos
Gozag
Hepliaklqana
Makhleb
Qazlal
The Shining One

Shops:
D:8 =

Annotations:
D:9 Erica


Innate Abilities, Weirdness & Mutations

You have a pair of small horns on your head.
Your mind is acute. (Int +2)
Your magical capacity is low. (-10% MP)
Your muscles are strong. (Str +2)


Message History

The bolt of poison hits you!
You are poisoned.
* * * LOW HITPOINT WARNING * * *
You fail to use your ability.
* * * LOW HITPOINT WARNING * * *
You feel sick. Something hits you.
* * * LOW HITPOINT WARNING * * *
Something burns you.
* * * LOW HITPOINT WARNING * * *
Unknown command.
It was a potion of ambrosia.
You are confused.
You feel invigorated.
* * * LOW HITPOINT WARNING * * *
You feel sick.
The orc priest mumbles some strange prayers to Beogh against you.
Something hits you.
* * * LOW HITPOINT WARNING * * *
Something burns you.
You die...

....... .(.....
.......
##########.......
#...##...'.......
#........#.......
#........#.......
#........#.......
###@##..##.......
######{#####
.......
#.....o....#
.......
#..........#
.......
#..........#
#@####.....# .o.
###.....# .....
#.......#


oo.o..O #......<# You could see an orc priest.

Vanquished Creatures
  A two-headed ogre (D:8)
  A cyclops (D:7)
  The ghost of Darkell the Ducker, a novice DsIE (D:7)
  The ghost of xash the Ducker, an amateur OpMo (D:5)
  A water moccasin (D:7)
  2 orc warriors (D:8)
  2 sky beasts
  4 ice beasts
  4 ogres
  A necrophage (D:7)
  A phantom (D:5)
  3 centaurs
  A bullfrog (D:8)
  2 scorpions
  7 killer bees
  3 howler monkeys (D:8)
  2 crimson imps (D:5)
  A bullfrog zombie (D:6)
  A jelly (D:7)
  A centaur zombie (D:8)
  A gnoll shaman (D:7)
  3 hounds
  2 orc priests
  A centaur skeleton (D:7)
  7 orc wizards
  A bullfrog skeleton (D:6)
  2 iguanas
  7 worker ants
  A killer bee zombie (D:6)
  3 hound skeletons
  A worker ant zombie (D:5)
  7 adders
  5 gnolls (D:7)
  3 shadow imps
  2 oozes
  2 adder skeletons (D:8)
  2 adder zombies (D:7)
  3 worms (D:3)
  A dart slug (D:2)
  3 leopard geckos
  13 orcs
  7 giant cockroaches
  6 goblins
  4 hobgoblins
  9 jackals
  5 kobolds
  A quokka (D:5)
  3 ball pythons
  5 bats
  2 frilled lizards
  A leopard gecko zombie (D:5)
  6 rats
159 creatures vanquished.

Vanquished Creatures (others)
  2 orcs (D:4)
  A goblin (D:3)
3 creatures vanquished.

Grand Total: 162 creatures vanquished

Notes
Turn   | Place    | Note
-------+----------+-------------------------------------------
     0 | D:1      | Kriby the Hill Orc Fighter began the quest for the Orb.
     0 | D:1      | Reached XP level 1. HP: 19/19 MP: 1/1
   242 | D:1      | Reached skill level 3 in Axes
   256 | D:1      | Reached XP level 2. HP: 27/27 MP: 2/2
   829 | D:2      | Reached XP level 3. HP: 33/33 MP: 3/3
   843 | D:2      | Found an opulent altar of Gozag.
  1057 | D:2      | Reached skill level 4 in Axes
  1910 | D:3      | Reached XP level 4. HP: 39/41 MP: 4/4
  2228 | D:3      | Found a burning altar of Makhleb.
  2588 | D:3      | Reached skill level 5 in Axes
  2721 | D:4      | Reached skill level 5 in Fighting
  2721 | D:4      | Reached XP level 5. HP: 36/48 MP: 5/5
  3464 | D:4      | Reached skill level 6 in Axes
  3464 | D:4      | Reached XP level 6. HP: 48/56 MP: 6/6
  3560 | D:4      | Found a glowing golden altar of the Shining One.
  3723 | D:4      | Found a hazy altar of Hepliaklqana.
  3753 | D:4      | Reached skill level 7 in Axes
  3957 | D:4      | Became a worshipper of Beogh the Brigand
  4020 | D:4      | Found a shadowy altar of Dithmenos.
  4074 | D:4      | Found a shattered altar of Ashenzari.
  4227 | D:5      | Entered Level 5 of the Dungeon
  4282 | D:5      | Reached XP level 7. HP: 16/63 MP: 7/7
  4283 | D:5      | Reached skill level 8 in Axes
  4713 | D:5      | Found a staircase to the Ecumenical Temple.
  4900 | D:5      | Reached skill level 9 in Axes
  5173 | D:5      | Reached XP level 8. HP: 60/73 MP: 8/8
  5293 | D:5      | Noticed xash's ghost (amateur OpMo)
  5312 | D:5      | Killed xash's ghost
  5312 | D:5      | Reached skill level 10 in Axes
  5660 | D:5      | Gained mutation: Your flesh is cold resistant. (rC+) [mutagenic meat]
  6018 | D:6      | Reached * piety under Beogh
  6244 | D:6      | Reached skill level 11 in Axes
  6872 | D:6      | Found a stormy altar of Qazlal.
  7043 | D:7      | Reached XP level 9. HP: 62/82 MP: 9/9
  7046 | D:7      | Reached skill level 12 in Axes
  7288 | D:7      | Noticed Darkell's ghost (novice DsIE)
  7303 | D:7      | Lost mutation: Your flesh is cold resistant. (rC+) [potion of mutation]
  7303 | D:7      | Gained mutation: Your muscles are strong. (Str +2) [potion of mutation]
  7303 | D:7      | Gained mutation: Your magical capacity is low. (-10% MP) [potion of mutation]
  7303 | D:7      | Gained mutation: Your mind is acute. (Int +2) [potion of mutation]
  7303 | D:7      | Gained mutation: You have a pair of small horns on your head. [potion of mutation]
  7314 | D:7      | Killed Darkell's ghost
  7333 | D:7      | HP: 4/83 [poisoned by Darkell's ghost]
  7339 | D:7      | HP: 3/83 [poisoned by Darkell's ghost]
  7344 | D:7      | HP: 3/83 [poisoned by Darkell's ghost]
  7349 | D:6      | HP: 3/83 [poisoned by Darkell's ghost]
  7355 | D:6      | HP: 3/83 [poisoned by Darkell's ghost]
  7361 | D:6      | HP: 3/83 [poisoned by Darkell's ghost]
  8089 | D:7      | Noticed a cyclops
  8108 | D:7      | Killed a cyclops
  8108 | D:7      | Reached skill level 13 in Axes
  9111 | D:8      | Reached ** piety under Beogh
  9151 | D:8      | Found Pugraom's Jewellery Shop.
  9171 | D:8      | Reached skill level 10 in Fighting
  9414 | D:8      | Noticed a two-headed ogre
  9425 | D:8      | Killed a two-headed ogre
  9425 | D:8      | Reached skill level 14 in Axes
  9425 | D:8      | Reached XP level 10. HP: 27/93 MP: 9/9
 10044 | D:8      | Reached skill level 15 in Axes
 10535 | D:9      | Noticed Erica
 10572 | D:9      | HP: 2/94 [something (6)]
 10573 | D:9      | Slain by Erica

Skill      XL: |  1  2  3  4  5  6  7  8  9 10 |
---------------+-------------------------------+-----
Axes           | 3 4 5 6 7 9 11 14 15 | 15.4
Fighting       | 4 5 6 7 8 10 | 10.8
Armour         | |  3.2
Shields        | |  3.2

Action                   |  1- 3 |  4- 6 |  7- 9 | 10-12 || total
-------------------------+-------+-------+-------+-------++-------
Melee: War axe           |   121 |   127 |   388 |   118 ||   754
       Headbutt          |       |       |    28 |    21 ||    49
Invok: Convert to Beogh  |       |     1 |       |       ||     1
       Smiting           |       |       |       |     3 ||     3
Evoke: Wand              |       |       |     1 |     4 ||     5
  Use: Potion            |       |     2 |    11 |     2 ||    15
       Scroll            |       |     1 |    13 |     1 ||    15
  Eat: Chunk             |     3 |     8 |    11 |     4 ||    26
       Fruit             |       |       |     5 |       ||     5
       Royal jelly       |       |       |     1 |       ||     1
Armor: Scale mail        |    58 |    34 |       |       ||    92
       Plate armour      |       |     3 |   197 |    55 ||   255
Dodge: Dodged            |    46 |    32 |    35 |    16 ||   129
Block: Shield            |    75 |    59 |   133 |    48 ||   315
